cohdb
Replays
Latest Replays
All Replays
Popular Replays
Top Player Replays
Match Explorer
How It Works
Community
CoH3 Stats
Reddit
Sign in to upload your games and track your stats! →
Sign in with Steam
Match 40592450
Unlisted
Match 40592450
Overview
Messages
Build Orders
End
Construct Infanterie Kompanie
Selects Italian Coastal Battlegroup
Selects Coastal Reserves
Coastal Reserve
MG 42 Machine Gun Team
Coastal Reserve
GrW 34 Mortar Team
Coastal Reserve
Selects Artillery Officer
Medical Bunker
Infanterie Officer Quarters
Construct Luftwaffe Kompanie
Support Elements
Artillery Officer
Jäger Squad
Wirbelwind Flakpanzer
Pioneer Squad
Selects Obice da 210/22 Artillery Emplacement
Repair Bunker
Side Skirts
Luftwaffe Officer Quarters
Selects Support Bunkers
Marder III M Tank Destroyer
Artillery Officer
Selects Rapid Fortifications
Selects Designated Artillery Overwatch
Pioneer Squad
Jäger Squad
Construct Panzer Kompanie
Jebus
SimplyFinny
MasterStef
Nes_Nad
AudoBell
ArmedToad
0
0
Comments
sign in to comment!
No comments posted yet!